 Dungeon Crawl Stone Soup version 0.31.0-12-g77e489cdc1 (webtiles) character file.

Game seed: 16431682795482933701

84 EonDragon20 the Digger (level 4, 0/24 HPs)
             Began as a Gargoyle Earth Elementalist on Feb 13, 2024.
             Slain by a hobgoblin (6 damage)
             ... led by Robin
             ... on level 2 of the Dungeon.
             The game lasted 00:04:13 (1554 turns).

EonDragon20 the Digger (GrEE)                       Turns: 1554, Time: 00:04:14

Health: 0/24       AC:  6    Str: 12    XL:     4   Next: 46%
Magic:  5/7        EV: 11    Int: 17    God:
Gold:   31         SH:  0    Dex: 10    Spells: 3/7 levels left

rFire   . . .        m - staff of earth
rCold   . . .        (no shield)
rNeg    + . .        a - +0 robe
rPois   ∞            (no helmet)
rElec   +            (no cloak)
rCorr   .            e - +0 pair of gloves
SInv    .            (no boots)
Will    .....        g - amulet of magic regeneration
Stlth   ++           (no ring)
HPRegen 0.24/turn    (no ring)
MPRegen 0.50/turn

%: no passive effects
@: no status effects
A: sickness immunity, AC +3, negative energy resistance 1, electricity
resistance, torment resistance 1, petrification resistance
a: no special abilities


You were on level 2 of the Dungeon.
You visited 1 branch of the dungeon, and saw 2 of its levels.

You collected 31 gold pieces.

Inventory:

Armour
 a - a +0 robe (worn)
 e - a +0 pair of gloves (worn)
Magical Staves
 m - a staff of earth (weapon)
Jewellery
 f - an amulet of guardian spirit
 g - an amulet of magic regeneration (around neck)
 l - the ring "Beucip" {rElec rPois Will++ rCorr Int-2}
   (You found it on level 2 of the Dungeon)

   [ring of poison resistance]

   Int-2:     It affects your intelligence (-2).
   rElec:     It insulates you from electricity.
   rPois:     It protects you from poison Will++: It greatly increases your
   willpower.
   rCorr:     It protects you from acid and corrosion.
Scrolls
 h - 2 scrolls of identify {unknown}
 i - a scroll of immolation {unknown}
 j - a scroll of amnesia {unknown}
Potions
 b - a potion of magic
 c - a potion of invisibility {unknown}
 d - a potion of berserk rage {unknown}
 k - a potion of might {unknown}


   Skills:
 - Level 1.5 Dodging
 - Level 2.1 Stealth
 - Level 2.0 Spellcasting
 * Level 3.2 Conjurations
 * Level 5.0 Earth Magic


You had 3 spell levels left.
You knew the following spells:

 Your Spells              Type           Power      Damage    Failure   Level
a - Sandblast             Erth           56%        2d13      2%          1
b - Stone Arrow           Conj/Erth      46%        3d9       11%         3

Your spell library contained the following spells:

 Spells                   Type           Power      Damage    Failure   Level
 Passwall                 Erth           28%        N/A       7%          3
 Brom's Barrelling Bould  Conj/Erth      23%        2d4       34%         4
 Petrify                  Alch/Erth      15%        N/A       56%         4


Dungeon Overview and Level Annotations

Branches:
Dungeon (2/15)

Altars:

Shops:
D:1 *


Innate Abilities, Weirdness & Mutations

You are immune to sickness and miasma.
Your stone body is resilient. (AC +3)
You are immune to poison.
You resist negative energy. (rN+)
You are resistant to electric shocks. (rElec)
You are resistant to unholy torment.
You are immune to petrification.


Message History

Casting: Sandblast (safe; 2% risk of failure)
Confirm with . or Enter, or press ? or * to list all spells.
Aiming: Sandblast (safe; 2% risk of failure)
Press: ? - help, Shift-Dir - straight line, f - Robin
Aim: Robin, wielding a +0 spear, wearing a +2 animal skin and wearing a +0 helmet (87% to hit)
You feel a surge of power!
The blast of sand hits Robin!
Robin is heavily wounded.
Robin throws the goblin at you! The goblin hits you with a +0 dagger.
Robin roars a battlecry!
The goblins go into a battle-frenzy!
The goblin hits you with a +0 dagger.
Casting: Sandblast (safe; 2% risk of failure)
Confirm with . or Enter, or press ? or * to list all spells.
Aiming: Sandblast (safe; 2% risk of failure)
Press: ? - help, Shift-Dir - straight line, f/p - Robin
Aim: Robin, wielding a +0 spear, wearing a +2 animal skin and wearing a +0 helmet (heavily wounded, 87% to hit)
You feel a surge of power!
The blast of sand hits Robin!
You kill Robin!
The goblin hits you with a +0 dagger.
Your Earth Magic skill increases to level 5!
The goblin barely misses you.
Casting: Sandblast (safe; 2% risk of failure)
Confirm with . or Enter, or press ? or * to list all spells.
Aiming: Sandblast (safe; 2% risk of failure)
Press: ? - help, Shift-Dir - straight line, f - goblin
Aim: a goblin, wielding a +0 dagger (strong, 79% to hit)
You feel a surge of power!
The blast of sand hits the goblin!
You kill the goblin!
The hobgoblin hits you.
* * * LOW HITPOINT WARNING * * *
Unknown command.
Casting: Sandblast (safe; 2% risk of failure)
Confirm with . or Enter, or press ? or * to list all spells.
Aiming: Sandblast (safe; 2% risk of failure)
Press: ? - help, Shift-Dir - straight line, f - hobgoblin
Aim: a hobgoblin (strong, 83% to hit)
You feel a surge of power!
The blast of sand hits the hobgoblin.
The hobgoblin is moderately wounded.
The hobgoblin hits you.
You die...

..# ## ... .. #.# ##.##
## .......# ..##
#####.#.#.# ...#
g.g...).).# ###...###
#.#.#.#####.......#####
#.....##..8..∩..∩..∩...
###.#)##@#.......[.....
# #.#.)g)#.............
.#
#.#.####∩.._..∩.....∩
.# #.#.# #.............
.###.#
#.#.####.............
g..g.g
..>........∩.....8..∩
)g..#
.#..####.............
###.# ...#
#............. ...
###8..8..∩.....∩


You could see a hobgoblin (strong).

Vanquished Creatures
  Robin (D:2)
  2 adders (D:2)
  2 ribbon worms (D:2)
  A dart slug (D:2)
  5 ball pythons
  6 endoplasms
  A giant cockroach (D:1)
  8 goblins
  3 hobgoblins
  3 jackals (D:1)
  7 kobolds
  2 frilled lizards (D:1)
  3 rats
44 creatures vanquished.

Notes
Turn   | Place    | Note
-------+----------+-------------------------------------------
     0 | D:1      | EonDragon20 the Gargoyle Earth Elementalist began the quest
                  | for the Orb.
     0 | D:1      | Reached XP level 1. HP: 10/10 MP: 3/3
   347 | D:1      | Reached XP level 2. HP: 15/15 MP: 0/5
   441 | D:1      | Reached skill level 4 in Earth Magic
   829 | D:1      | Found Iwubaiw's General Store.
   848 | D:1      | Reached XP level 3. HP: 19/19 MP: 2/6
   928 | D:1      | Learned a level 3 spell: Stone Arrow
  1208 | D:2      | Noticed Robin
  1507 | D:2      | Reached XP level 4. HP: 24/24 MP: 5/7
  1515 | D:2      | Found a faded altar of an unknown god.
  1520 | D:2      | Identified the ring "Beucip" {rElec rPois Will++ rCorr
                  | Int-2}
  1551 | D:2      | Killed Robin
  1552 | D:2      | Reached skill level 5 in Earth Magic
  1554 | D:2      | Slain by a hobgoblin

Illustrated notes

Levels and vault maps discovered:
D:1:      dreamdust_arrival_sigmund_warning, layout_loops_corners, serial_shops,
          shop
D:2:      layout_loops_ring, hellmonk_ecumenical_altar_arch_garden,
          nrook_loot_triangle, kennysheep_generic_room_10, uniq_robin

Skill      XL: |  1  2  3  4 |
---------------+-------------+-----
Earth Magic    | 4 5 |  5.0
Conjurations   | 2 3 |  3.2
Dodging        | |  1.5
Stealth        | |  2.1
Spellcasting   | |  2.0

Action                     |  1- 3 |  4- 6 || total
---------------------------+-------+-------++-------
   Cast: Sandblast         |    53 |    10 ||    63
    Use: Scroll            |     1 |       ||     1
 Armour: Robe              |     9 |    11 ||    20
  Dodge: Dodged            |     6 |     7 ||    13
